 Dungeon Crawl Stone Soup version 0.28-a0-465-ge2dae52223 (console) character file.

Game seed: 13374975641921674661

5215 nht the Covert (level 10, -6/68 HPs)
             Began as a Vampire Berserker on Sept 14, 2021.
             Was the Champion of Trog.
             Mangled by a gnoll sergeant (10 damage)
             ... in a bailey.
             The game lasted 00:20:36 (7785 turns).

nht the Covert (Vampire Berserker)                  Turns: 7785, Time: 00:20:36

Health: -6/68      AC: 10    Str: 16    XL:     10   Next: 35%
Magic:  10/10      EV: 12    Int: 10    God:    Trog [******]
Gold:   52         SH:  0    Dex: 17    Spells: 9/9 levels left

rFire   . . .      SeeInvis +   g - +2 dagger (vorpal)
rCold   . . .      Faith    +   (no shield)
rNeg    + . .      Spirit   .   b - +0 animal skin
rPois   .          Reflect  .   r - +2 helmet
rElec   .          Harm     .   (no cloak)
rCorr   .          Rampage  .   y - +0 pair of gloves
Will    +....                   (no boots)
Stlth   ++++++....              k - amulet of faith
HPRegen 0.41/turn               h - ring of positive energy
MPRegen 0.12/turn               z - +4 ring of protection

@: on berserk cooldown, healing quickly, slowed, very slow
A: alive, fangs 3, see invisible, vampiric 2
a: Exsanguinate, Renounce Religion, Berserk, Trog's Hand, Brothers in Arms


You were in a bailey.
You worshipped Trog.
Trog was exalted by your worship.
You visited 1 branch of the dungeon, and saw 8 of its levels.
You also visited: Sewer, Ossuary and Bailey.

You collected 624 gold pieces.
You spent 572 gold pieces at shops.

Inventory:

Hand Weapons
 g - a +2 vorpal dagger (weapon)
 G - a +1 short sword of flaming
Missiles
 i - 7 throwing nets
 j - 33 poisoned darts (quivered)
 x - 9 boomerangs
Armour
 b - a +0 animal skin (worn)
 r - a +2 helmet (worn)
 y - a +0 pair of gloves (worn)
Jewellery
 d - an amulet of regeneration
 h - a ring of positive energy (left hand)
 k - an amulet of faith (around neck)
 z - a +4 ring of protection (right hand)
Wands
 e - a wand of flame (13)
 p - a wand of polymorph (17)
Scrolls
 q - 2 scrolls of enchant weapon
 v - 3 scrolls of teleportation
 w - a scroll of fear
 A - 2 scrolls of magic mapping
 B - a scroll of noise {unknown}
 C - a scroll of blinking {unknown}
 E - 2 scrolls of enchant armour
 F - 4 scrolls of fog
Potions
 a - a potion of curing
 c - 2 potions of flight
 f - a potion of attraction
 l - 3 potions of berserk rage
 m - 4 potions of heal wounds
 n - a potion of ambrosia
 o - 5 potions of might
 t - 3 potions of cancellation
 u - 2 potions of magic
 D - 3 potions of mutation


   Skills:
 - Level 2.6 Fighting
 + Level 13.1 Short Blades
 - Level 1.5 Armour
 - Level 2.1 Dodging
 - Level 14.1 Stealth


You had 9 spell levels left.
You didn't know any spells.
Your spell library was empty.

Dungeon Overview and Level Annotations

Branches:
Dungeon (8/15)             Temple (0/1) D:7           Sewer (visited)
Ossuary (visited)          Bailey (1/1)
   Lair: D:8-11

Altars:
Hepliaklqana
Makhleb
Nemelex Xobeh
Ru
Sif Muna
Wu Jian
Beogh

Shops:
D:8 **!

Annotations:
D:4 2 runed translucent doors
D:5 dig


Innate Abilities, Weirdness & Mutations

Your natural rate of healing is accelerated.
You have razor-sharp teeth.
You have supernaturally acute eyesight. (SInv)
You are afflicted with vampirism and can become a bat while bloodless.


Message History

You kill the gnoll sergeant!
Trog accepts your kill.
You completely miss the gnoll. The gnoll hits you but does no damage.
The gnoll shaman completely misses you.
You puncture the gnoll!
The gnoll is almost dead.
The gnoll sergeant closely misses you.
You hit the gnoll.
You kill the gnoll!
Trog accepts your kill.
The gnoll shaman hits you with a +0 halberd!
* * * LOW HITPOINT WARNING * * *
The gnoll sergeant barely misses you.
Things that are here:
a +0 halberd; a +0 ring mail; a gnoll corpse You closely miss the gnoll shaman.
Your bite misses the gnoll shaman. You puncture the gnoll shaman!
The gnoll shaman is heavily wounded.
The gnoll shaman barely misses you.
You barely miss the gnoll shaman. You bite the gnoll shaman!
You kill the gnoll shaman!
Trog accepts your kill.
The gnoll sergeant hits you with a +0 glaive!
* * * LOW HITPOINT WARNING * * *
You hit the gnoll sergeant.
The gnoll sergeant is lightly wounded.
You are no longer berserk.
You are exhausted.
You feel yourself slow down.
You hit the gnoll sergeant.
The gnoll sergeant is moderately wounded.
The gnoll sergeant completely misses you.
Aiming: Corrosive Bolt
Press: ? - help, Shift-Dir - straight line, f - gnoll sergeant
Aim: a gnoll sergeant, wielding a +0 glaive and wearing a +0 chain mail (lightly wounded, 83% to hit)
The bolt of acid hits the gnoll sergeant!
The acid corrodes the gnoll sergeant!
The gnoll sergeant is heavily wounded.
The now-empty wand crumbles to dust.
The gnoll sergeant hits you with a +0 glaive!
You die...

♣≈.██...█)).█..)██.≈♣
♣≈██...)'...'....██≈♣
♣≈█.....█.).█.....█≈♣
♣ █8..).██'██.).)8█ ♣
█...)██...██....█
█..)██...))██...█
█..)█.......█...█
█..)█...8)..█'███
█..)█.......█...█
█...██)....██.))█
█....██...██g@.)█
█8....██'██...)8█
█.....█...█.....█
♣≈█████'█...█+█████
♣≈. .█...█
♣≈.██████'''██████
♣≈................
♣≈≈...............
♣≈≈≈≈≈≈≈...≈≈≈≈≈≈
♣♣......)........
♣♣♣...).......♣


You could see a gnoll sergeant (corroded).

Vanquished Creatures
  3 wraiths
  A steam dragon (D:4)
  Menkaure (D:7)
  Duvessa (D:7)
  3 water moccasins
  4 orc warriors (D:7)
  A sky beast (D:7)
  An ogre (D:5)
  3 phantoms
  A kobold brigand (D:6)
  2 bullfrogs
  7 gnoll sergeants (Bailey)
  A scorpion (D:4)
  A water moccasin skeleton (D:5)
  Dowan (D:7)
  8 wights
  A centaur zombie (D:8)
  3 centaur skeletons
  9 hounds
  A jelly (D:4)
  7 orc priests
  6 gnoll shamans (Bailey)
  Jessica (D:2)
  A bullfrog skeleton (D:4)
  An iguana (D:7)
  15 orc wizards
  A hound zombie (D:5)
  2 hound skeletons
  A howler monkey zombie (D:6)
  17 gnolls
  7 adders
  A shadow imp (D:4)
  2 white imps
  An ufetubus (D:4)
  2 adder skeletons (D:4)
  4 adder zombies (Ossuary)
  A worm (D:3)
  4 dart slugs
  38 orcs
  24 ball pythons
  A bat (D:3)
  12 endoplasms
  11 giant cockroaches
  8 goblins
  8 hobgoblins
  5 jackals (D:3)
  9 kobolds
  15 quokkas
  A ball python skeleton (Ossuary)
  16 frilled lizards
  A hobgoblin zombie (Ossuary)
  An orc skeleton (Ossuary)
  6 rats
  A spectral goblin (D:5)
284 creatures vanquished.

Vanquished Creatures (collateral kills)
  2 orc warriors
  3 wights (D:8)
  2 orc priests (D:7)
  An orc wizard (D:8)
  4 gnolls (D:8)
  A white imp (D:8)
  3 orcs (D:8)
  A goblin (D:8)
  2 hobgoblins (D:8)
19 creatures vanquished.

Vanquished Creatures (others)
  An orc wizard (D:5)
  9 plants (D:1)
10 creatures vanquished.

Grand Total: 313 creatures vanquished

Notes
Turn   | Place    | Note
-------+----------+-------------------------------------------
     0 | D:1      | nht the Vampire Berserker began the quest for the Orb.
     0 | D:1      | Reached XP level 1. HP: 17/17 MP: 1/1
   132 | D:1      | Reached XP level 2. HP: 23/23 MP: 2/2
   208 | D:1      | Found a faded altar of an unknown god.
   376 | D:1      | Gained mutation: You are afflicted with vampirism and can
                  | become a bat while bloodless. [Vampire growth]
   376 | D:1      | Reached XP level 3. HP: 25/28 MP: 3/3
   626 | D:2      | Noticed Jessica
   635 | D:2      | Killed Jessica
   635 | D:2      | Reached ** piety under Trog
   636 | D:2      | Reached skill level 5 in Short Blades
   857 | D:2      | Reached XP level 4. HP: 31/34 MP: 4/4
  1519 | D:3      | Found a sparkling altar of Nemelex Xobeh.
  1550 | D:3      | Reached XP level 5. HP: 39/39 MP: 5/5
  2179 | D:4      | Found a shimmering blue altar of Sif Muna.
  2225 | D:4      | Reached XP level 6. HP: 19/46 MP: 6/6
  2322 | D:4      | Found a large runed translucent door.
  2322 | D:4      | Found a large runed translucent door.
  2448 | D:4      | Reached *** piety under Trog
  2493 | D:4      | Found a sand-covered staircase.
  2498 | Ossuary  | Entered an ossuary
  2617 | Ossuary  | Noticed a wraith
  2617 | Ossuary  | Noticed a flying skull
  2654 | Ossuary  | Noticed a flying skull
  2662 | Ossuary  | Noticed a wraith
  2674 | Ossuary  | Killed a wraith
  2675 | Ossuary  | Reached XP level 7. HP: 51/51 MP: 7/7
  2687 | Ossuary  | Noticed a flying skull
  2695 | Ossuary  | Noticed a wraith
  2724 | Ossuary  | Killed a wraith
  2739 | Ossuary  | Noticed a flying skull
  2750 | Ossuary  | Reached skill level 10 in Short Blades
  2759 | Ossuary  | Noticed a flying skull
  2797 | Ossuary  | Reached skill level 2 in Stealth
  2944 | D:4      | Found a large runed translucent door.
  2944 | D:4      | Found a large runed translucent door.
  3101 | D:4      | Reached skill level 3 in Stealth
  3104 | D:4      | Reached skill level 4 in Stealth
  3108 | D:4      | Noticed a steam dragon
  3115 | D:4      | Killed a steam dragon
  3116 | D:4      | Reached skill level 6 in Stealth
  3116 | D:4      | Reached XP level 8. HP: 57/57 MP: 8/8
  3616 | D:4      | Reached skill level 7 in Stealth
  3814 | D:4      | Reached skill level 8 in Stealth
  3893 | D:5      | Entered Level 5 of the Dungeon
  3982 | D:5      | Reached **** piety under Trog
  3983 | D:5      | Reached skill level 9 in Stealth
  4021 | D:5      | Reached skill level 10 in Stealth
  4076 | D:5      | Found a burning altar of Makhleb.
  4218 | D:5      | Found a glowing drain.
  4233 | Sewer    | Entered a sewer
  4427 | Sewer    | Reached ***** piety under Trog
  4539 | Sewer    | Reached skill level 11 in Stealth
  4725 | D:5      | Found a sacrificial altar of Ru.
  4941 | D:5      | Found a hazy altar of Hepliaklqana.
  4996 | D:6      | Reached skill level 12 in Stealth
  4996 | D:6      | Reached XP level 9. HP: 44/62 MP: 9/9
  5430 | D:6      | Reached skill level 13 in Stealth
  5729 | D:7      | Found a staircase to the Ecumenical Temple.
  5830 | D:7      | Noticed Duvessa
  5831 | D:7      | Noticed Dowan
  5837 | D:7      | Killed Dowan
  5847 | D:7      | Killed Duvessa
  5848 | D:7      | Reached skill level 14 in Stealth
  6496 | D:7      | Found an ornate altar of the Wu Jian Council.
  6619 | D:7      | Noticed Menkaure
  6628 | D:7      | Killed Menkaure
  6854 | D:7      | Found a transporter.
  6858 | D:7      | Found a transporter.
  6948 | D:7      | Reached XP level 10. HP: 38/68 MP: 10/10
  7085 | D:8      | Found Zitsoxus's Distillery.
  7114 | D:8      | Bought a potion of heal wounds for 55 gold pieces
  7114 | D:8      | Bought 2 potions of might for 88 gold pieces
  7114 | D:8      | Bought a potion of heal wounds for 55 gold pieces
  7114 | D:8      | Bought a potion of might for 44 gold pieces
  7114 | D:8      | Bought a potion of berserk rage for 55 gold pieces
  7114 | D:8      | Bought a potion of cancellation for 88 gold pieces
  7114 | D:8      | Bought a potion of curing for 33 gold pieces
  7114 | D:8      | Bought a potion of mutation for 88 gold pieces
  7114 | D:8      | Bought a potion of heal wounds for 55 gold pieces
  7114 | D:8      | Bought a potion of degeneration for 11 gold pieces
  7151 | D:8      | Found Istago's Specific Store.
  7155 | D:8      | Found Mivyup's General Store.
  7199 | D:8      | Found a flagged portal.
  7201 | D:8      | Received a gift from Trog
  7244 | Bailey   | Entered a bailey
  7275 | Bailey   | Reached ****** piety under Trog
  7782 | Bailey   | HP: 5/102 [gnoll sergeant (8)]
  7785 | Bailey   | Mangled by a gnoll sergeant

Illustrated notes

Levels and vault maps discovered:
D:1:      dpeg_arrival_rhombi, layout_rooms, dreamdust_ecumenical_altar_statues,
          minmay_misc_feat_doors, serial_bayou_pond_c, minmay_tall_x
D:2:      layout_loops_corners, uniq_jessica
D:3:      layout_basic, amcnicky_altar_gilded
D:4:      layout_layer_cave, mainiacjoe_overflow_alcove_1, enter_ossuary_2,
          minmay_hollow_rounded_squares
D:5:      layout_cave_pools, nicolae_hepliaklqana_monster_ancestors,
          nicolae_ru_great_annihilating_truth, makhleb_heckhound_becter,
          portal_sewer_entry_b, due_unseen_surprise
D:6:      layout_basic
D:7:      gammafunk_beogh_shrine, layout_gridville,
          mainiacjoe_overflow_alcove_2, minmay_temple_entry_sparse_star,
          uniq_menkaure, uniq_duvessa
D:8:      layout_basic, serial_shops, shop, enter_bailey_4,
          nicolae_specific_store, minivault_24
Bailey:   bailey_polearm_gnolls_kennysheep, bailey

Skill      XL: |  1  2  3  4  5  6  7  8  9 10 |
---------------+-------------------------------+-----
Short Blades   | 4 5 6 7 9 10 12 13 | 13.1
Stealth        | 6 12 14 | 14.1
Fighting       | |  2.6
Armour         | |  1.5
Dodging        | |  2.1

Action                   |  1- 3 |  4- 6 |  7- 9 | 10-12 || total
-------------------------+-------+-------+-------+-------++-------
Melee: Short sword       |    69 |       |       |       ||    69
       Bite              |     9 |    24 |    67 |    28 ||   128
       Dagger            |     5 |   199 |   650 |   156 ||  1010
Throw: Throwing net      |       |       |     2 |       ||     2
       Dart              |       |       |       |     2 ||     2
Invok: Berserk           |       |     3 |    12 |     5 ||    20
       Brothers in Arms  |       |       |     1 |     1 ||     2
Evoke: Wand              |       |       |     3 |     8 ||    11
  Use: Scroll            |       |     9 |    10 |     2 ||    21
       Potion            |       |     1 |     3 |       ||     4
 Stab: Sleeping          |     4 |     5 |    25 |     3 ||    37
       Distracted        |       |       |     1 |     1 ||     2
Armor: Animal skin       |     3 |    26 |   142 |    47 ||   218
       Skin              |       |       |    13 |       ||    13
Dodge: Dodged            |    30 |   101 |   255 |   104 ||   490

Table legend: (Time is in decaauts)
 A = Elapsed time spent in this place.
 B = Non-inter-level travel time spent in this place.
 C = Inter-level travel time spent in this place.
 D = Time resting spent in this place.
 E = Time spent auto-exploring this place.
 F = Levels seen in this place.
 G = Mean time per level.
                   A        B        C        D        E       F      G
               +--------+--------+--------+--------+--------+-----+--------+
         Total |   7561 |   7236 |    325 |    248 |   4950 |  11 |  687.4 |
       Dungeon |   6318 |   5993 |    325 |      0 |   4544 |   8 |  789.8 |
         Sewer |    359 |    359 |      0 |      0 |     94 |   1 |  359.0 |
       Ossuary |    383 |    383 |      0 |     49 |    180 |   1 |  383.0 |
        Bailey |    500 |    500 |      0 |    199 |    131 |   1 |  500.0 |
               +--------+--------+--------+--------+--------+-----+--------+

Top non-repeatable levels by time:
     D:7: 1347 daAuts
     D:4: 1291 daAuts
     D:3: 833 daAuts
     D:2: 800 daAuts
     D:6: 711 daAuts
     D:5: 650 daAuts
     D:1: 520 daAuts
  Bailey: 500 daAuts
 Ossuary: 383 daAuts
   Sewer: 359 daAuts
     D:8: 162 daAuts
